 Dungeon Crawl Stone Soup version 0.27.0-1-g7a089689b8 (webtiles) character file.

Game seed: 16633418768230955943

1202 garrulousMonolith the Magician (level 8, 0/58 HPs)
             Began as a Gnoll Hedge Wizard on Aug 6, 2021.
             Was an Initiate of Ashenzari.
             Succumbed to a kobold brigand's curare-tipped dart
             ... on level 5 of the Dungeon.
             The game lasted 00:10:15 (7525 turns).

garrulousMonolith the Magician (Gnoll Hedge Wizard) Turns: 7525, Time: 00:10:16

Health: 0/58       AC:  6    Str: 11    XL:     8   Next: 44%
Magic:  19/19      EV: 13    Int: 15    God:    Ashenzari [......]
Gold:   249        SH:  4    Dex: 11    Spells: 9/22 levels left

rFire    . . .     SeeInvis +   z - +2 dagger (venom)
rCold    . . .     Faith    .   x - +0 buckler
rNeg     . . .     Spirit   .   n - +0 leather armour
rPois    .         Reflect  .   r - +2 hat
rElec    .         Harm     .   (no cloak)
rCorr    .         Rampage  .   j - +0 pair of gloves
Will     .....                  (no boots)
Stlth    +++.......             (no amulet)
HPRegen  0.19/turn              y - ring of see invisible
MPRegen  0.16/turn              (no ring)

@: lethally poisoned (0 -> -28), very slightly contaminated, slowed, very slow
A: fangs 1, strong nose, distributed training
a: Renounce Religion


You were on level 5 of the Dungeon.
You worshipped Ashenzari.
Ashenzari was noncommittal.
You visited 2 branches of the dungeon, and saw 7 of its levels.

You collected 249 gold pieces.

Inventory:

Hand Weapons
 z - a +2 dagger of venom (weapon)
Missiles
 t - 21 poisoned darts (quivered)
 v - 3 boomerangs
Armour
 a - a +1 cloak of willpower
 b - a +0 robe
 f - a +0 chain mail
 j - a +0 pair of gloves (worn)
 m - a +0 helmet
 n - a +0 leather armour (worn)
 r - a +2 hat (worn)
 x - a +0 buckler (worn)
Jewellery
 d - a ring of ice
 p - a ring of ice
 y - a ring of see invisible (left hand)
Wands
 u - a wand of mindburst (11)
Scrolls
 c - 3 scrolls of teleportation
 h - 2 scrolls of amnesia
 i - a scroll of identify
 l - a scroll of acquirement
 o - a scroll of magic mapping
 q - a scroll of brand weapon
 s - 2 scrolls of enchant armour
 A - a scroll of holy word
Potions
 e - a potion of mutation
 g - a potion of attraction
 k - 2 potions of might
 B - a potion of flight


   Skills:
 + Level 3.2 Fighting
 + Level 3.2 Short Blades
 + Level 3.2 Long Blades
 + Level 3.2 Axes
 + Level 3.2 Maces & Flails
 + Level 3.2 Polearms
 + Level 3.2 Staves
 + Level 3.2 Slings
 + Level 3.2 Bows
 + Level 3.2 Crossbows
 + Level 3.2 Throwing
 + Level 3.2 Armour
 + Level 5.7 Dodging
 + Level 5.3 Stealth
 + Level 3.2 Shields
 + Level 3.2 Unarmed Combat
 + Level 7.9 Spellcasting
 + Level 3.4 Conjurations
 + Level 2.6 Hexes
 + Level 3.4 Summonings
 + Level 2.6 Necromancy
 + Level 3.4 Translocations
 + Level 2.6 Transmutations
 + Level 2.6 Fire Magic
 + Level 2.6 Ice Magic
 + Level 2.6 Air Magic
 + Level 2.6 Earth Magic
 + Level 2.6 Poison Magic
 + Level 3.6 Invocations
 + Level 3.2 Evocations


You had 9 spell levels left.
You knew the following spells:

 Your Spells              Type           Power      Damage    Failure   Level
a - Magic Dart            Conj           64%        1d6       4%          1
b - Blink                 Tloc           N/A        N/A       6%          2
c - Call Imp              Summ           16%        N/A       6%          2
d - Mephitic Cloud        Conj/Pois/Air  14%        N/A       16%         3
e - Apportation           Tloc           32%        N/A       4%          1
f - Animate Skeleton      Necr           26%        N/A       6%          1
g - Vampiric Draining     Necr           6%         2d6       17%         3

Your spell library contained the following spells:

 Spells                   Type           Power      Damage    Failure   Level
 Summon Small Mammal      Summ           64%        N/A       4%          1
 Corona                   Hex            14%        N/A       6%          1
 Pain                     Necr           52%        1d6       6%          1
 Slow                     Hex            13%        N/A       9%          2
 Conjure Flame            Conj/Fire      15%        6-21      14%         3
 Ignite Poison            Fire/Tmut/Pois 13%        N/A       17%         3
 Sticky Flame             Conj/Fire      15%        2d4       43%         4


Dungeon Overview and Level Annotations

Branches:
Dungeon (6/15)             Temple (1/1) D:5

Altars:
Ashenzari
Dithmenos
Elyvilon
Gozag
Makhleb
Okawaru
Qazlal
Sif Muna
Trog
Uskayaw
Wu Jian
Xom
Yredelemnul
Zin
The Shining One


Innate Abilities, Weirdness & Mutations

You have very sharp teeth.
Your uncanny sense of smell can sniff out nearby items.
Your experience applies equally to all skills.


Message History

The poisoned dart closely misses your crimson imp.
The poisoned dart hits you!
You are poisoned.
Your crimson imp closely misses the kobold brigand.
Your crimson imp barely misses the kobold brigand.
Your crimson imp hits the kobold brigand.
The kobold brigand barely misses you.
You climb upwards.
Your summoned allies are left behind.
You feel very sick.
There is a stone staircase leading down, spattered with blood here.
Casting: Blink (safe; 6% risk of failure)
Confirm with . or Enter, or press ? or * to list all spells.
You miscast Call Imp.
You are very lightly contaminated with residual magic.
Nothing appears to happen.
You feel sick.
The kobold brigand hits you with a +0 dagger.
Casting: Call Imp (safe; 6% risk of failure)
Confirm with . or Enter, or press ? or * to list all spells.
You blink.
You feel sick.
You feel sick.
Casting: Blink (safe; 6% risk of failure)
Confirm with . or Enter, or press ? or * to list all spells.
A beastly little devil appears in a puff of flame.
You feel sick.
The kobold brigand throws a curare-tipped dart.
The curare-tipped dart hits you.
You are more poisoned.
You have difficulty breathing.
You feel yourself slow down.
Casting: Call Imp (safe; 6% risk of failure)
Confirm with . or Enter, or press ? or * to list all spells.
A beastly little devil appears in a puff of flame.
You feel very sick.
The kobold brigand throws a curare-tipped dart.
The curare-tipped dart hits you.
You are lethally poisoned!
You have difficulty breathing.
* * * LOW HITPOINT WARNING * * *
You feel as though you will be slow longer.
Magic courses through your body.
You die...

###...........## ####...##..
#........#....(### #...#...
##......###>.)[..####......#
####....#...#.....##......#
#......#..###.#..(........
#......>.K##...##.##..##.)
#....##...#...##..#.......
##.####......####...###...
#.####..@...# #..### ##..
####....5.5.# ##.## #...
##.......## #...####..#
##.........# ##.<.....##
#..........####....##...
##...............##......
#...#.##....)#<..##....#.
#......#......##.##....#.
#...........).)).#..#####


You could see a kobold brigand (ally target) and 2 friendly crimson imps.

Vanquished Creatures
  A kobold demonologist (D:5)
  A necrophage (D:4)
  A centaur (D:5)
  A scorpion (D:5)
  A howler monkey (D:5)
  A human zombie (D:4)
  A hound (D:5)
  2 centaur skeletons
  2 scorpion zombies (D:4)
  An orc wizard (D:5)
  2 hound zombies (D:4)
  A hound skeleton (D:4)
  A howler monkey zombie (D:4)
  3 adders
  An adder zombie (D:4)
  An adder skeleton (D:4)
  A worm (D:3)
  6 dart slugs
  3 orcs (D:5)
  5 endoplasms
  3 giant cockroaches
  3 goblins
  6 hobgoblins
  A jackal (D:4)
  3 quokkas
  9 ball pythons
  3 bats
  A frilled lizard (D:1)
  11 kobolds
  6 rats
82 creatures vanquished.

Vanquished Creatures (collateral kills)
  An ice beast (D:5)
  2 necrophages (D:4)
  A water moccasin zombie (D:4)
  A hound (D:2)
  2 iguanas (D:5)
  Natasha (twice) (D:2)
  2 mummies (D:4)
  An adder (D:2)
  5 orcs (D:5)
  A giant cockroach (D:1)
  4 jackals (D:1)
  A kobold (D:5)
  A quokka (D:5)
  A bat (D:2)
25 creatures vanquished.

Grand Total: 107 creatures vanquished

Notes
Turn   | Place    | Note
-------+----------+-------------------------------------------
     0 | D:1      | garrulousMonolith the Gnoll Hedge Wizard began the quest
                  | for the Orb.
     0 | D:1      | Reached XP level 1. HP: 13/13 MP: 8/8
     0 | D:1      | Noticed an ice dragon
     0 | D:1      | Noticed an ice dragon
     2 | D:1      | Noticed a purple draconian
     4 | D:1      | Noticed a tentacled monstrosity
     6 | D:1      | Noticed a green draconian
     7 | D:1      | Noticed an iron dragon
     8 | D:1      | Noticed an orb of fire
     9 | D:1      | Noticed a shadow dragon
    11 | D:1      | Noticed an ice dragon
    13 | D:1      | Noticed a tentacled monstrosity
    13 | D:1      | Noticed a large abomination
    15 | D:1      | Noticed an ice dragon
    15 | D:1      | Noticed a black draconian
    17 | D:1      | Noticed an ice dragon
    17 | D:1      | Noticed an iron dragon
    17 | D:1      | Noticed an ice dragon
    19 | D:1      | Noticed a red draconian
    19 | D:1      | Noticed an iron dragon
    21 | D:1      | Noticed a large abomination
   196 | D:1      | Reached XP level 2. HP: 19/19 MP: 5/10
   287 | D:1      | Learned a level 2 spell: Blink
   290 | D:1      | Learned a level 2 spell: Call Imp
  1672 | D:2      | Reached XP level 3. HP: 25/25 MP: 8/11
  1676 | D:2      | Learned a level 3 spell: Mephitic Cloud
  1918 | D:2      | Reached skill level 1 in Fighting
  1918 | D:2      | Reached skill level 1 in Short Blades
  1918 | D:2      | Reached skill level 1 in Long Blades
  1918 | D:2      | Reached skill level 1 in Axes
  1918 | D:2      | Reached skill level 1 in Maces & Flails
  1918 | D:2      | Reached skill level 1 in Polearms
  1918 | D:2      | Reached skill level 1 in Staves
  1918 | D:2      | Reached skill level 1 in Slings
  1918 | D:2      | Reached skill level 1 in Bows
  1918 | D:2      | Reached skill level 1 in Crossbows
  1918 | D:2      | Reached skill level 1 in Throwing
  1918 | D:2      | Reached skill level 1 in Armour
  1918 | D:2      | Reached skill level 1 in Shields
  1918 | D:2      | Reached skill level 1 in Unarmed Combat
  1918 | D:2      | Reached skill level 1 in Invocations
  1918 | D:2      | Reached skill level 1 in Evocations
  2236 | D:2      | Reached XP level 4. HP: 32/32 MP: 9/13
  2298 | D:2      | Noticed Natasha
  2308 | D:2      | Killed Natasha
  2505 | D:2      | Noticed Natasha
  2512 | D:2      | Killed Natasha
  2513 | D:2      | Reached skill level 1 in Hexes
  2513 | D:2      | Reached skill level 1 in Necromancy
  2513 | D:2      | Reached skill level 1 in Transmutations
  2513 | D:2      | Reached skill level 1 in Fire Magic
  2513 | D:2      | Reached skill level 1 in Ice Magic
  2513 | D:2      | Reached skill level 1 in Air Magic
  2513 | D:2      | Reached skill level 1 in Earth Magic
  2513 | D:2      | Reached skill level 1 in Poison Magic
  2898 | D:3      | Reached XP level 5. HP: 37/37 MP: 10/14
  3169 | D:3      | Found a glowing silver altar of Zin.
  3374 | D:3      | Found a faded altar of an unknown god.
  3727 | D:4      | Learned a level 1 spell: Apportation
  3729 | D:4      | Learned a level 1 spell: Animate Skeleton
  4191 | D:4      | Found a basalt altar of Yredelemnul.
  4465 | D:4      | Reached XP level 6. HP: 40/44 MP: 13/16
  4492 | D:4      | Noticed a necrophage
  4499 | D:4      | Killed a necrophage
  4550 | D:4      | Reached skill level 5 in Dodging
  4795 | D:4      | Noticed a necrophage
  4804 | D:4      | Killed a necrophage
  4805 | D:4      | Reached XP level 7. HP: 34/50 MP: 11/18
  5563 | D:4      | Learned a level 3 spell: Vampiric Draining
  5579 | D:5      | Entered Level 5 of the Dungeon
  5852 | D:5      | Reached skill level 5 in Stealth
  6233 | D:5      | Found a staircase to the Ecumenical Temple.
  6244 | Temple   | Entered the Ecumenical Temple
  6647 | Temple   | Became a worshipper of Ashenzari the Shackled
  6647 | Temple   | Identified 2 scrolls of acquirement
  6650 | Temple   | Acquired a +1 cloak of willpower
  6892 | D:5      | Reached XP level 8. HP: 41/57 MP: 17/19
  7195 | D:6      | Found a bloodstained altar of Trog.
  7195 | D:6      | Noticed a kobold demonologist
  7204 | D:5      | Noticed a rust devil
  7217 | D:5      | Killed a kobold demonologist
  7525 | D:5      | Succumbed to a kobold brigand's curare-tipped dart

Illustrated notes

Levels and vault maps discovered:
D:1:      shiori_arrival_whats_in_store_for_you, layout_basic
D:2:      layout_rooms, minmay_tall_x, uniq_natasha
D:3:      layout_basic, mainiacjoe_overflow_24_doors, basic_ecumenical_altar
D:4:      layout_loops_cross, lemuel_mausoleum_altar_yredelemnul
D:5:      layout_cave_pools, minmay_temple_entry_junction
D:6:      layout_layer_cave, bloody_trog
Temple:   hc_temple_tempest_star

Skill      XL: |  1  2  3  4  5  6  7  8 |
---------------+-------------------------+-----
Conjurations   | 2 3 |  3.4
Summonings     | 2 3 |  3.4
Translocations | 2 3 |  3.4
Fighting       | 1 2 3 |  3.2
Short Blades   | 1 2 3 |  3.2
Long Blades    | 1 2 3 |  3.2
Axes           | 1 2 3 |  3.2
Maces & Flails | 1 2 3 |  3.2
Polearms       | 1 2 3 |  3.2
Staves         | 1 2 3 |  3.2
Slings         | 1 2 3 |  3.2
Bows           | 1 2 3 |  3.2
Crossbows      | 1 2 3 |  3.2
Throwing       | 1 2 3 |  3.2
Armour         | 1 2 3 |  3.2
Shields        | 1 2 3 |  3.2
Unarmed Combat | 1 2 3 |  3.2
Invocations    | 1 2 3 |  3.6
Evocations     | 1 2 3 |  3.2
Hexes          | 1 2 |  2.6
Necromancy     | 1 2 |  2.6
Transmutations | 1 2 |  2.6
Fire Magic     | 1 2 |  2.6
Ice Magic      | 1 2 |  2.6
Air Magic      | 1 2 |  2.6
Earth Magic    | 1 2 |  2.6
Poison Magic   | 1 2 |  2.6
Dodging        | 5 |  5.7
Stealth        | 5 |  5.3
Spellcasting   | |  7.9

Action                   |  1- 3 |  4- 6 |  7- 9 || total
-------------------------+-------+-------+-------++-------
Melee: Dagger            |     5 |     5 |    88 ||    98
       Long sword        |       |    76 |    25 ||   101
       Bite              |       |     7 |     7 ||    14
       Short sword       |       |       |     1 ||     1
 Cast: Magic Dart        |    79 |    95 |    37 ||   211
       Call Imp          |     5 |    12 |    21 ||    38
       Blink             |     3 |     2 |     5 ||    10
       Animate Skeleton  |       |     1 |     3 ||     4
       Mephitic Cloud    |       |       |     1 ||     1
  Use: Scroll            |       |       |     1 ||     1
       Potion            |       |       |     1 ||     1
 Stab: Sleeping          |       |     2 |     2 ||     4
Armor: Robe              |     7 |       |       ||     7
       Leather armour    |       |    31 |    40 ||    71
Dodge: Dodged            |    12 |    67 |   111 ||   190
Block: Buckler           |       |    17 |    35 ||    52
       Rpst.: Long sword |       |    14 |     5 ||    19
